 Dungeon Crawl Stone Soup version 0.19.1 (webtiles) character file.

8998 Rrauwl the Basher (level 11, -3/90 HPs)
             Began as an Ogre Hunter on Nov 26, 2016.
             Was an Elder of Vehumet.
             Killed from afar by Vesto's ghost (31 damage)
             ... with a flame tongue
             ... on level 11 of the Dungeon.
             The game lasted 01:24:46 (10488 turns).

Rrauwl the Basher (Ogre Hunter)                    Turns: 10488, Time: 01:24:47

Health: -3/90      AC:  7    Str: 19    XL:     11   Next: 39%
Magic:  18/18      EV: 18    Int: 13    God:    Vehumet [****..]
Gold:   591        SH:  0    Dex: 10    Spells: 1 memorised, 17 levels left

rFire  . . .     SeeInvis +     n - +3 whip (venom)
rCold  . . .     Gourm    .     m - +0 robe {Archmagi}
rNeg   . . .     Faith    .     (no shield)
rPois  .         Spirit   .     (helmet restricted)
rElec  .         Reflect  .     i - +1 cloak
rCorr  .         Harm     .     (gloves unavailable)
MR     ++...                    (boots unavailable)
Stlth  +++.......               u - amulet of regeneration
                                v - ring of stealth
                                y - +6 ring of evasion

@: about to teleport
A: unfitting armour, claws 1, fangs 1, slimy green scales 1, camouflage 1, see
invisible, blink, frail 1, magic resistance 1, tough skin 1, wild magic 1
a: Blink, Renounce Religion


You were on level 11 of the Dungeon.
You worshipped Vehumet.
Vehumet was greatly pleased with you.
You were not hungry.

You visited 1 branch of the dungeon, and saw 11 of its levels.

You collected 591 gold pieces.

Inventory:

Hand Weapons
 c - a +0 giant spiked club
 n - a +3 whip of venom (weapon)
 x - a +3 quarterstaff of chaos
Missiles
 z - 5 tomahawks (quivered)
 A - a javelin
Armour
 i - a +1 cloak (worn)
 m - a +0 robe of the Archmagi (worn)
Jewellery
 j - an uncursed amulet of harm
 u - an amulet of regeneration (around neck)
 v - a ring of stealth (right claw)
 y - a +6 ring of evasion (left claw)
Wands
 s - a wand of flame (23/48)
 t - a wand of acid (7/15)
 w - a wand of polymorph (22/24)
 B - a wand of disintegration (17/24)
Scrolls
 a - 2 scrolls of enchant armour
 d - 2 scrolls of fog
 h - 6 scrolls of identify
 l - 3 scrolls of remove curse
 q - a scroll of immolation
Potions
 g - a potion of brilliance
 r - 3 potions of lignification
 E - 3 potions of flight
 F - a potion of heal wounds
Books
 p - a book of Maledictions

   Spells                             Type                      Level
   a - Corona                         Hexes                        1
   b - Ensorcelled Hibernation        Hexes/Ice                    2
   c - Confuse                        Hexes                        3
   d - Tukima's Dance                 Hexes                        3
   e - Dazzling Spray                 Conjuration/Hexes            3
 D - a book of Air

   Spells                             Type                      Level
   a - Shock                          Conjuration/Air              1
   b - Swiftness                      Charms/Air                   2
   c - Repel Missiles                 Charms/Air                   2
   d - Static Discharge               Conjuration/Air              3
   e - Lightning Bolt                 Conjuration/Air              5
Comestibles
 b - 17 chunks of flesh
 f - 7 bread rations
 k - 3 meat rations
 o - 3 beef jerkies
 C - a royal jelly


   Skills:
 - Level 4.0 Fighting
 + Level 13.0 Maces & Flails
 - Level 8.0 Throwing
 - Level 3.1 Armour
 + Level 6.0 Dodging
 - Level 0.6 Stealth
 - Level 5.0 Spellcasting
 - Level 4.0 Conjurations
 - Level 3.2 Fire Magic
 - Level 3.0 Evocations


You had 17 spell levels left.
You knew the following spells:

 Your Spells              Type           Power        Failure   Level  Hunger
b - Conjure Flame         Conj/Fire      ####....     5%          3    ###....


Dungeon Overview and Level Annotations

Branches:
Dungeon (11/15)            Temple (0/1) D:7            Lair (0/6) D:11
    Orc (0/2) D:9

Altars:
Cheibriados
Dithmenos
Elyvilon
Hepliaklqana
Kikubaaqudgha
Makhleb
Okawaru
Qazlal
Sif Muna
Vehumet
Yredelemnul
The Shining One

Shops:
D:10 =

Annotations:
D:11 Vesto's ghost, journeyman OpFE


Innate Abilities, Weirdness & Mutations

You are too large for most types of armour.
You have tough skin. (AC +1)
You have sharp fingernails.
You have very sharp teeth.
You are partially covered in slimy green scales. (AC +2)
Your skin changes colour to match your surroundings (Stealth+).
You have supernaturally acute eyesight. (SInv)
You can translocate small distances at will.
You are frail. (-10% HP)
You are resistant to hostile enchantments. (MR+)
Your spells are a little harder to cast, but a little more powerful.


Message History

Vehumet accepts your kill.
Throwing (i - inventory. (,) - cycle):
z - 6 tomahawks (quivered)
Press: ? - help, Shift-Dir - straight line, f - orc
Aim: an orc You throw a tomahawk.
The tomahawk hits the orc.
The orc is heavily wounded.
Okay, then.
You blink.
You feel slightly more hungry.
Vesto's ghost turns its malevolent gaze towards you.
Vesto's ghost casts a spell at you. The puff of flame hits you!
Vesto's ghost stares at you and mumbles some strange words.
The puff of flame hits you!
* * * LOW HITPOINT WARNING * * *
As you read the scroll of teleportation, it crumbles to dust.
You feel strangely unstable.
Found 7 steel javelins.
Vesto's ghost casts a spell at you. The flame tongue hits you!
You die...

.........## .........#...#
......#...#.#####........?#.#.#
....#.#........(..........#...###
......#.###.#.#....#.............
......)..#.. ....#...C....####.
..o........# ....#.............
##†#.......#####...#...).........
#.#..>........+...+.%#.#.......#
#.#.........###@..##.#(#.......#
#.#...##..........#. #.........#
.......#.....<.W.#.......#######
###....(.......#..# .......#
...........#...o### .......#
...........'..#.###..o.....#
.....#....)##)#o#........... ....
#.....)).#.#)#.....(.... ...
#....#####(#.#......


You could see Vesto's ghost and 2 orcs.

Vanquished Creatures
  3 hill giants
  Psyche (D:9)
  A troll (D:9)
  2 hippogriffs
  5 yaks (D:9)
  Eustachio (D:6)
  2 wyverns
  4 humans (D:8)
  A hungry ghost (D:9)
  Menkaure (D:5)
  2 hell hounds (D:11)
  2 sky beasts (D:9)
  4 orc warriors
  A black bear (D:11)
  An ice beast (D:7)
  A necrophage (D:9)
  2 phantoms
  3 ogres
  9 centaurs
  A crocodile (D:9)
  A big kobold (D:8)
  A gnoll sergeant (D:7)
  6 bullfrogs
  2 scorpions
  3 centaur zombies
  3 crimson imps (D:6)
  Crazy Yiuf (D:5)
  6 orc priests
  5 hounds
  2 jellies (D:10)
  16 orc wizards
  A bullfrog skeleton (D:10)
  A centaur skeleton (D:4)
  An iguana (D:5)
  4 worker ants
  2 hound skeletons
  2 worker ant zombies
  13 gnolls
  9 adders
  2 shadow imps
  An ooze (D:2)
  An adder skeleton (D:6)
  4 worms
  5 leopard geckos
  54 orcs
  6 giant cockroaches
  8 goblins
  8 hobgoblins
  7 jackals
  5 quokkas
  8 bats
  2 frilled lizards
  8 kobolds
  A leopard gecko skeleton (D:6)
  A leopard gecko zombie (D:6)
  6 rats
253 creatures vanquished.

Vanquished Creatures (others)
  An orc wizard (D:9)
1 creature vanquished.

Grand Total: 254 creatures vanquished

Notes
Turn   | Place    | Note
-------+----------+-------------------------------------------
     0 | D:1      | Rrauwl the Ogre Hunter began the quest for the Orb.
     0 | D:1      | Reached XP level 1. HP: 22/22 MP: 1/1
   247 | D:1      | Reached skill level 1 in Maces & Flails
   247 | D:1      | Reached XP level 2. HP: 31/31 MP: 2/2
   567 | D:1      | Gained mutation: You have supernaturally acute eyesight. (SInv) [potion of beneficial mutation]
   946 | D:1      | Reached XP level 3. HP: 37/37 MP: 3/3
  1149 | D:2      | Reached skill level 2 in Maces & Flails
  1448 | D:2      | Reached XP level 4. HP: 24/45 MP: 4/4
  2205 | D:2      | Found a radiant altar of Vehumet.
  2208 | D:2      | Became a worshipper of Vehumet
  2255 | D:3      | Gained mutation: You are resistant to hostile enchantments. (MR+) [potion of beneficial mutation]
  2533 | D:3      | Reached XP level 5. HP: 52/54 MP: 5/5
  2534 | D:3      | Reached skill level 3 in Maces & Flails
  3253 | D:4      | Noticed an ogre
  3258 | D:4      | Killed an ogre
  3258 | D:4      | Reached skill level 5 in Throwing
  3258 | D:4      | Reached skill level 1 in Spellcasting
  3258 | D:4      | Reached XP level 6. HP: 62/62 MP: 5/7
  3321 | D:4      | Reached skill level 4 in Maces & Flails
  3812 | D:5      | Entered Level 5 of the Dungeon
  4025 | D:5      | Reached XP level 7. HP: 21/70 MP: 8/10
  4366 | D:5      | Noticed Menkaure
  4586 | D:5      | Killed Menkaure
  4586 | D:5      | Reached skill level 5 in Maces & Flails
  4670 | D:5      | Reached * piety under Vehumet
  4670 | D:5      | Offered knowledge of Flame Tongue by Vehumet.
  4670 | D:5      | Reached skill level 1 in Armour
  4711 | D:5      | Learned a level 1 spell: Flame Tongue
  4826 | D:5      | Found a runed door.
  4830 | D:5      | Noticed Crazy Yiuf
  4835 | D:5      | Killed Crazy Yiuf
  4835 | D:5      | Reached XP level 8. HP: 75/78 MP: 10/13
  5169 | D:5      | Gained mutation: Your skin changes colour to match your surroundings (Stealth+). [potion of mutation]
  5169 | D:5      | Gained mutation: You are frail. (-10% HP) [potion of mutation]
  5169 | D:5      | Gained mutation: You have very sharp teeth. [potion of mutation]
  5479 | D:6      | Reached skill level 6 in Maces & Flails
  5490 | D:6      | Noticed Eustachio
  5513 | D:6      | Killed Eustachio
  5766 | D:6      | Offered knowledge of Sandblast by Vehumet.
  5812 | D:6      | Reached ** piety under Vehumet
  6148 | D:7      | Found a white marble altar of Elyvilon.
  6197 | D:7      | Reached skill level 7 in Maces & Flails
  6197 | D:7      | Reached skill level 5 in Spellcasting
  6197 | D:7      | Reached XP level 9. HP: 64/75 MP: 16/16
  6338 | D:7      | Reached skill level 1 in Conjurations
  6445 | D:7      | Found a staircase to the Ecumenical Temple.
  6928 | D:8      | Found a glowing golden altar of the Shining One.
  6983 | D:8      | Reached skill level 8 in Maces & Flails
  7016 | D:8      | Offered knowledge of Conjure Flame by Vehumet.
  7323 | D:8      | Reached skill level 9 in Maces & Flails
  7341 | D:8      | Reached XP level 10. HP: 48/82 MP: 17/17
  7423 | D:8      | Reached *** piety under Vehumet
  7451 | D:8      | Learned a level 3 spell: Conjure Flame
  7830 | D:9      | Found a stormy altar of Qazlal.
  7852 | D:9      | Reached skill level 10 in Maces & Flails
  8051 | D:9      | Reached skill level 1 in Fire Magic
  8076 | D:9      | Offered knowledge of Ignite Poison by Vehumet.
  8274 | D:9      | Reached skill level 11 in Maces & Flails
  8344 | D:9      | Found a staircase to the Orcish Mines.
  8485 | D:9      | Reached **** piety under Vehumet
  8708 | D:9      | Found a hazy altar of Hepliaklqana.
  8724 | D:9      | Offered knowledge of Irradiate by Vehumet.
  9149 | D:9      | Found a snail-covered altar of Cheibriados.
  9156 | D:9      | Found an ancient bone altar of Kikubaaqudgha.
  9164 | D:9      | Found a shadowy altar of Dithmenos.
  9170 | D:9      | Found a deep blue altar of Sif Muna.
  9174 | D:9      | Found a basalt altar of Yredelemnul.
  9178 | D:9      | Found a burning altar of Makhleb.
  9186 | D:9      | Found an iron altar of Okawaru.
  9239 | D:9      | Noticed Psyche
  9250 | D:9      | Killed Psyche
  9250 | D:9      | Reached skill level 12 in Maces & Flails
  9272 | D:9      | Gained mutation: Your spells are a little harder to cast, but a little more powerful. [mutagenic meat]
  9273 | D:9      | Gained mutation: You can translocate small distances at will. [mutagenic meat]
  9274 | D:9      | Gained mutation: You have sharp fingernails. [mutagenic meat]
  9454 | D:9      | Gained mutation: You are partially covered in slimy green scales. (AC +2) [mutagenic meat]
  9482 | D:10     | Entered Level 10 of the Dungeon
  9511 | D:10     | Noticed a hill giant
  9526 | D:10     | Killed a hill giant
  9526 | D:10     | Reached skill level 5 in Dodging
  9526 | D:10     | Reached skill level 1 in Evocations
  9526 | D:10     | Reached XP level 11. HP: 29/90 MP: 18/18
  9700 | D:10     | Found Ischeside's Jewellery Shoppe.
  9977 | D:10     | Found a basalt altar of Yredelemnul.
 10133 | D:10     | Noticed a hill giant
 10178 | D:10     | Killed a hill giant
 10253 | D:11     | Found a staircase to the Lair.
 10262 | D:11     | Noticed Vesto's ghost (journeyman OpFE)
 10271 | D:11     | Noticed a hill giant
 10280 | D:11     | Noticed a hill giant
 10281 | D:11     | Noticed a hill giant
 10410 | D:11     | Killed a hill giant
 10479 | D:11     | Reached skill level 13 in Maces & Flails
 10488 | D:11     | Killed from afar by Vesto's ghost

Skill      XL: |  1  2  3  4  5  6  7  8  9 10 11 |
---------------+----------------------------------+-----
Fighting       | 3 4 |  4.0
Maces & Flails | 1 2 3 4 5 7 9 12 13 | 13.0
Dodging        | 2 3 4 5 6 |  6.0
Throwing       | 5 6 8 |  8.0
Spellcasting   | 1 2 3 5 |  5.0
Armour         | 1 3 |  3.1
Conjurations   | 3 4 |  4.0
Fire Magic     | 3 |  3.2
Evocations     | 1 3 |  3.0
Stealth        | |  0.6

Action                   |  1- 3 |  4- 6 |  7- 9 | 10-12 || total
-------------------------+-------+-------+-------+-------++-------
Melee: Whip              |    37 |   125 |   325 |   492 ||   979
       Bite              |       |       |    20 |    58 ||    78
Throw: Large rock        |    23 |    14 |    36 |     2 ||    75
       Throwing net      |       |     3 |     4 |     2 ||     9
       Javelin           |       |       |    29 |     5 ||    34
       Tomahawk          |       |       |     4 |    47 ||    51
 Cast: Flame Tongue      |       |       |       |     6 ||     6
       Conjure Flame     |       |       |       |     1 ||     1
 Abil: Blink             |       |       |       |     2 ||     2
Evoke: Wand              |       |       |       |     3 ||     3
  Use: Scroll            |     4 |     2 |     7 |     9 ||    22
       Potion            |     3 |     5 |    10 |     3 ||    21
 Stab: Held in net/web   |       |     1 |       |       ||     1
       Sleeping          |       |       |       |     5 ||     5
  Eat: Chunk             |     2 |     4 |     6 |    23 ||    35
       Bread ration      |       |     1 |     1 |       ||     2
       Pizza             |       |       |       |     1 ||     1
Armor: Robe              |    17 |    32 |    58 |    51 ||   158
Dodge: Dodged            |    28 |    69 |   173 |   226 ||   496
